 Dungeon Crawl Stone Soup version 0.28.0 (webtiles) character file.

Game seed: 17678319685882536181

1723 Ayyar the Protected (level 9, -2/66 HPs)
             Began as a Gnoll Wanderer on Apr 13, 2022.
             Was an Initiate of Makhleb.
             Slain by a manticore (15 damage)
             ... on level 6 of the Dungeon.
             The game lasted 00:24:43 (5387 turns).

Ayyar the Protected (Gnoll Wanderer)                Turns: 5387, Time: 00:24:43

Health: -2/66      AC: 10    Str: 15    XL:     9   Next: 4%
Magic:  14/14      EV: 15    Int:  9    God:    Makhleb [......]
Gold:   228        SH:  0    Dex: 15    Spells: 15/15 levels left

rFire   . . .      SeeInvis .   f - +2 dagger (elec)
rCold   . . .      Faith    .   (no shield)
rNeg    + . .      Spirit   .   b - +2 scale mail
rPois   .          Reflect  .   (no helmet)
rElec   .          Harm     .   (no cloak)
rCorr   .          Rampage  .   (no gloves)
Will    .....                   (no boots)
Stlth   +.........              (no amulet)
HPRegen 0.21/turn               d - ring of positive energy
MPRegen 0.14/turn               s - +4 ring of evasion

@: no status effects
A: fangs 1, strong nose, distributed training
a: Renounce Religion


You were on level 6 of the Dungeon.
You worshipped Makhleb.
Makhleb was noncommittal.
You visited 1 branch of the dungeon, and saw 6 of its levels.
You also visited: Sewer.

You collected 228 gold pieces.

Inventory:

Hand Weapons
 f - a +2 dagger of electrocution (weapon)
 m - a +0 short sword of draining
Missiles
 k - a poisoned dart (quivered)
Armour
 b - a +2 scale mail (worn)
Jewellery
 d - a ring of positive energy (left hand)
 q - a ring of magical power
 s - a +4 ring of evasion (right hand)
 t - a ring of protection from fire
Wands
 c - a wand of polymorph (5)
 z - a wand of mindburst (19)
Scrolls
 e - a scroll of acquirement {unknown}
 i - 3 scrolls of enchant armour {unknown}
 o - a scroll of enchant weapon {unknown}
 r - 3 scrolls of fog
 v - 3 scrolls of blinking {unknown}
 w - 4 scrolls of teleportation {unknown}
 x - a scroll of silence {unknown}
 y - a scroll of amnesia {unknown}
 A - 2 scrolls of identify
 B - a scroll of fear {unknown}
Potions
 g - a potion of experience {unknown}
 h - a potion of attraction {unknown}
 j - 2 potions of curing
 l - 5 potions of lignification
 n - a potion of degeneration {unknown}
 p - 2 potions of haste
 u - a potion of might {unknown}
 C - a potion of cancellation {unknown}


   Skills:
 + Level 4.6 Fighting
 + Level 6.0 Short Blades
 + Level 3.8 Long Blades
 + Level 3.8 Axes
 + Level 3.8 Maces & Flails
 + Level 3.8 Polearms
 + Level 3.8 Staves
 + Level 3.8 Slings
 + Level 3.8 Bows
 + Level 3.8 Crossbows
 + Level 3.8 Throwing
 + Level 9.4 Armour
 + Level 3.8 Dodging
 + Level 3.8 Stealth
 + Level 3.8 Shields
 + Level 3.8 Unarmed Combat
 + Level 3.8 Spellcasting
 + Level 3.1 Conjurations
 + Level 3.1 Hexes
 + Level 3.1 Summonings
 + Level 3.1 Necromancy
 + Level 3.1 Translocations
 + Level 3.1 Transmutations
 + Level 3.1 Fire Magic
 + Level 3.1 Ice Magic
 + Level 3.1 Air Magic
 + Level 3.1 Earth Magic
 + Level 3.1 Poison Magic
 + Level 5.0 Invocations
 + Level 6.0 Evocations


You had 15 spell levels left.
You didn't know any spells.
Your spell library contained the following spells:

 Spells                   Type           Power      Damage    Failure   Level
 Shock                    Conj/Air       28%        1d4       24%         1
 Swiftness                Air            7%         N/A       56%         3
 Airstrike                Air            3%         N/A       93%         4


Dungeon Overview and Level Annotations

Branches:
Dungeon (6/15)              Sewer (visited)
 Temple: D:4-7

Altars:
Cheibriados
Makhleb
Qazlal
Xom

Annotations:
D:5 3 runed translucent doors, mdmota's ghost, novice GnMo


Innate Abilities, Weirdness & Mutations

You have very sharp teeth.
Your uncanny sense of smell can sniff out nearby items.
Your experience applies equally to all skills.


Message History

You hit the manticore.
The manticore is heavily wounded.
You hit the manticore. Your punch misses the manticore.
The manticore is heavily wounded.
The manticore barely misses you. x2; The manticore closely misses you.
You hit the manticore.
You bite the manticore, but do no damage.
The manticore is heavily wounded.
The manticore bites you!!
The manticore claws you but does no damage. x2
You hit the manticore. Your bite misses the manticore.
The manticore is severely wounded.
You hit the manticore.
You bite the manticore, but do no damage.
The manticore is severely wounded.
The manticore barely misses you. The manticore misses you. x2
You hit the manticore but do no damage.
Lightning courses through the manticore!
You punch the manticore.
The manticore is almost dead.
The manticore misses you. x2; The manticore claws you.
You hit the manticore but do no damage.
The manticore is almost dead.
The manticore bites you!
* * * LOW HITPOINT WARNING * * *
The manticore claws you.
* * * LOW HITPOINT WARNING * * *
The manticore closely misses you.
You barely miss the manticore.
The manticore is almost dead.
You hit the manticore.
The manticore is almost dead.
The manticore bites you but does no damage.
The manticore claws you.
* * * LOW HITPOINT WARNING * * *
The manticore barely misses you.
You barely miss the manticore.
The manticore is almost dead.
The manticore bites you!
You die...

..# #. ... . #.
..# # .. #.
..###.# ... #.##
....... ....
#(.. ....:
.....##.##..####
.....((.H@.....#
....##.##.......
# #.######.##
######....###.#
#.[.......)...#
######.##.#####
#.##)######.#
#.###<.......
.......######.#


You could see a manticore (poisoned).

Vanquished Creatures
  A yak (D:5)
  A fire bat (D:3)
  A steam dragon (D:5)
  A water moccasin (D:5)
  Duvessa (D:5)
  A sky beast (D:4)
  2 ogres
  A scorpion (D:5)
  2 water moccasin zombies (D:5)
  Dowan (D:5)
  4 crimson imps (D:5)
  A centaur skeleton (D:5)
  A bullfrog skeleton (D:5)
  An orc priest (D:4)
  A bullfrog zombie (D:5)
  2 hounds (D:5)
  An iguana (D:5)
  A hound zombie (D:5)
  2 hound skeletons (D:4)
  A howler monkey skeleton (D:5)
  10 adders
  2 ufetubi
  4 worms
  2 dart slugs
  11 orcs
  4 bats
  5 endoplasms
  A giant cockroach (D:1)
  8 goblins
  8 hobgoblins
  10 jackals
  6 quokkas
  17 ball pythons
  3 frilled lizards
  19 kobolds
  8 rats
145 creatures vanquished.

Vanquished Creatures (others)
  A kobold (D:4)
1 creature vanquished.

Grand Total: 146 creatures vanquished

Notes
Turn   | Place    | Note
-------+----------+-------------------------------------------
     0 | D:1      | Ayyar the Gnoll Wanderer began the quest for the Orb.
     0 | D:1      | Ayyar set off with the following items: a +0 short sword, a
                  | +2 scale mail, a wand of polymorph (3)
     0 | D:1      | Reached XP level 1. HP: 17/17 MP: 2/2
   100 | D:1      | Reached XP level 2. HP: 22/23 MP: 3/3
   293 | D:1      | Reached XP level 3. HP: 25/28 MP: 4/4
   713 | D:2      | Found a snail-covered altar of Cheibriados.
  1113 | D:2      | Found a faded altar of an unknown god.
  1225 | D:2      | Reached skill level 1 in Long Blades
  1225 | D:2      | Reached skill level 1 in Axes
  1225 | D:2      | Reached skill level 1 in Maces & Flails
  1225 | D:2      | Reached skill level 1 in Polearms
  1225 | D:2      | Reached skill level 1 in Staves
  1225 | D:2      | Reached skill level 1 in Slings
  1225 | D:2      | Reached skill level 1 in Bows
  1225 | D:2      | Reached skill level 1 in Crossbows
  1225 | D:2      | Reached skill level 1 in Throwing
  1225 | D:2      | Reached skill level 1 in Dodging
  1225 | D:2      | Reached skill level 1 in Stealth
  1225 | D:2      | Reached skill level 1 in Shields
  1225 | D:2      | Reached skill level 1 in Unarmed Combat
  1225 | D:2      | Reached skill level 1 in Spellcasting
  1356 | D:2      | Reached XP level 4. HP: 34/34 MP: 6/6
  1790 | D:3      | Reached skill level 1 in Conjurations
  1790 | D:3      | Reached skill level 1 in Hexes
  1790 | D:3      | Reached skill level 1 in Summonings
  1790 | D:3      | Reached skill level 1 in Necromancy
  1790 | D:3      | Reached skill level 1 in Translocations
  1790 | D:3      | Reached skill level 1 in Transmutations
  1790 | D:3      | Reached skill level 1 in Fire Magic
  1790 | D:3      | Reached skill level 1 in Ice Magic
  1790 | D:3      | Reached skill level 1 in Air Magic
  1790 | D:3      | Reached skill level 1 in Earth Magic
  1790 | D:3      | Reached skill level 1 in Poison Magic
  1863 | D:3      | Noticed a scorpion
  1865 | D:3      | Noticed a fire bat
  1865 | D:3      | a scorpion changed into a fire bat
  1873 | D:3      | Killed a fire bat
  1874 | D:3      | Reached XP level 5. HP: 11/41 MP: 7/7
  1874 | D:3      | Reached XP level 6. HP: 13/47 MP: 8/8
  2658 | D:3      | Identified the +1 leather armour of Melancholy {Str+4
                  | Int-4}
  2841 | D:4      | Found a stormy altar of Qazlal.
  2855 | D:4      | Reached skill level 5 in Short Blades
  2855 | D:4      | Reached skill level 5 in Evocations
  3115 | D:4      | Noticed a sky beast
  3147 | D:4      | Killed a sky beast
  3242 | D:4      | Reached XP level 7. HP: 49/52 MP: 10/10
  3272 | D:4      | Found a glowing drain.
  3277 | Sewer    | Entered a sewer
  3984 | D:5      | Entered Level 5 of the Dungeon
  4071 | D:5      | Found a runed translucent gate.
  4071 | D:5      | Found a runed translucent gate.
  4071 | D:5      | Found a runed translucent gate.
  4327 | D:5      | Reached skill level 9 in Armour
  4349 | D:5      | Reached XP level 8. HP: 48/60 MP: 12/12
  4378 | D:5      | Noticed a yak
  4406 | D:5      | Killed a yak
  4809 | D:5      | Found a shimmering altar of Xom.
  4843 | D:5      | Noticed mdmota's ghost (novice GnMo)
  4870 | D:5      | Noticed Dowan
  4875 | D:5      | Noticed Duvessa
  4891 | D:5      | Killed Duvessa
  4908 | D:5      | Killed Dowan
  5117 | D:5      | Found a burning altar of Makhleb.
  5157 | D:5      | Became a worshipper of Makhleb the Destroyer
  5356 | D:6      | Identified the +1 robe "Horem" {-Tele Str+5}
  5362 | D:6      | Noticed a manticore
  5371 | D:6      | Reached skill level 5 in Invocations
  5371 | D:6      | Reached XP level 9. HP: 66/66 MP: 14/14
  5387 | D:6      | Slain by a manticore

Illustrated notes

Levels and vault maps discovered:
D:1:      heliophobic_arrival_ceremonial_halls, layout_rooms
D:2:      layout_basic, hellmonk_ecumenical_altar_crossroads, basic_altar
D:3:      layout_rooms, nicolae_elevator_lobby_plus
D:4:      layout_basic, nicolae_qazlal_scattered_showers, portal_sewer_entry_e
D:5:      cheibrodos_barr_body, layout_loops_ring, amcnicky_altar_gilded,
          led_xom_imps, gammafunk_ghost_icy, minmay_misc_feat_diagonals,
          uniq_duvessa
D:6:      layout_basic, minmay_temple_entry_trees, kennysheep_path_1

Skill      XL: |  1  2  3  4  5  6  7  8 |
---------------+-------------------------+-----
Long Blades    | 1 2 3 |  3.8
Axes           | 1 2 3 |  3.8
Maces & Flails | 1 2 3 |  3.8
Polearms       | 1 2 3 |  3.8
Staves         | 1 2 3 |  3.8
Slings         | 1 2 3 |  3.8
Bows           | 1 2 3 |  3.8
Crossbows      | 1 2 3 |  3.8
Throwing       | 1 2 3 |  3.8
Dodging        | 1 2 3 |  3.8
Stealth        | 1 2 3 |  3.8
Shields        | 1 2 3 |  3.8
Unarmed Combat | 1 2 3 |  3.8
Spellcasting   | 1 2 3 |  3.8
Conjurations   | 1 2 3 |  3.1
Hexes          | 1 2 3 |  3.1
Summonings     | 1 2 3 |  3.1
Necromancy     | 1 2 3 |  3.1
Translocations | 1 2 3 |  3.1
Transmutations | 1 2 3 |  3.1
Fire Magic     | 1 2 3 |  3.1
Ice Magic      | 1 2 3 |  3.1
Air Magic      | 1 2 3 |  3.1
Earth Magic    | 1 2 3 |  3.1
Poison Magic   | 1 2 3 |  3.1
Fighting       | 3 4 |  4.6
Invocations    | 3 4 5 |  5.0
Short Blades   | 5 6 |  6.0
Evocations     | 5 6 |  6.0
Armour         | 9 |  9.4

Action                   |  1- 3 |  4- 6 |  7- 9 || total
-------------------------+-------+-------+-------++-------
Melee: Short sword       |    27 |       |       ||    27
       Bite              |    10 |    13 |    29 ||    52
       Dagger            |    96 |   204 |   241 ||   541
       Punch             |     2 |     2 |     5 ||     9
       Unarmed           |       |       |    15 ||    15
Throw: Dart              |       |     8 |     8 ||    16
Evoke: Wand              |       |     1 |     5 ||     6
  Use: Scroll            |       |     1 |     4 ||     5
       Potion            |       |       |     3 ||     3
Armor: Scale mail        |    46 |    82 |    59 ||   187
Dodge: Dodged            |    49 |   123 |   127 ||   299
